 Dungeon Crawl Stone Soup version 0.28-a0-1415-g7c84da036a (webtiles) character file.

Game seed: 12227560988743953428

67 croobank the Ducker (level 4, -3/41 HPs)
             Began as a Gnoll Monk on Jan 8, 2022.
             Slain by a black bear (7 damage)
             ... on level 3 of the Dungeon.
             The game lasted 00:06:51 (1879 turns).

croobank the Ducker (Gnoll Monk)                    Turns: 1879, Time: 00:06:52

Health: -3/41      AC: 13    Str:  8 (10) XL:     4   Next: 18%
Magic:  5/5        EV:  0    Int:  9 (12) God:
Gold:   38         SH:  0    Dex: 11 (14) Spells: 5/5 levels left

rFire   . . .      SeeInvis .   a - +0 hand axe
rCold   . . .      Faith    .   (no shield)
rNeg    . . .      Spirit   .   q - +2 plate armour {rPois}
rPois   +          Reflect  .   (no helmet)
rElec   .          Harm     .   (no cloak)
rCorr   .          Rampage  .   (no gloves)
Will    .....                   g - +0 pair of boots
Stlth   ..........              l - amulet of magic regeneration
HPRegen 0.13/turn               (no ring)
MPRegen 0.49/turn               (no ring)

@: no status effects
A: fangs 1, strong nose, distributed training
a: no special abilities


You were on level 3 of the Dungeon.
You visited 1 branch of the dungeon, and saw 3 of its levels.

You collected 38 gold pieces.

Inventory:

Hand Weapons
 a - a +0 hand axe (weapon)
 b - a +2 hunting sling of flaming
 f - a +0 short sword of draining
 o - a +2 dagger of draining
 u - a +0 longbow
Missiles
 c - 14 poisoned darts (quivered)
 i - 68 stones
 j - 43 arrows
Armour
 e - a +0 leather armour
 g - a +0 pair of boots (worn)
 k - a +0 chain mail
 n - a +0 ring mail
 p - a +0 robe
 q - a +2 plate armour of poison resistance (worn)
Jewellery
 l - an amulet of magic regeneration (around neck)
Scrolls
 r - a scroll of blinking {unknown}
 s - a scroll of teleportation {unknown}
 t - a scroll of identify {unknown}
Potions
 d - a potion of degeneration
 h - a potion of cancellation {unknown}
 m - a potion of heal wounds {unknown}


   Skills:
 + Level 6.6 Fighting
 + Level 1.0 Short Blades
 + Level 1.0 Long Blades
 + Level 6.6 Axes
 + Level 1.0 Maces & Flails
 + Level 1.0 Polearms
 + Level 1.0 Staves
 + Level 1.0 Slings
 + Level 1.0 Bows
 + Level 1.0 Crossbows
 + Level 1.0 Throwing
 + Level 1.0 Armour
 + Level 6.6 Dodging
 + Level 4.2 Stealth
 + Level 1.0 Shields
 + Level 1.0 Unarmed Combat
 + Level 1.0 Spellcasting
 + Level 0.8 Conjurations
 + Level 0.8 Hexes
 + Level 0.8 Summonings
 + Level 0.8 Necromancy
 + Level 0.8 Translocations
 + Level 0.8 Transmutations
 + Level 0.8 Fire Magic
 + Level 0.8 Ice Magic
 + Level 0.8 Air Magic
 + Level 0.8 Earth Magic
 + Level 0.8 Poison Magic
 + Level 1.1 Invocations
 + Level 1.0 Evocations


You had 5 spell levels left.
You didn't know any spells.
Your spell library contained the following spells:

 Spells                   Type           Power      Damage    Failure   Level
 Corpse Rot               Necr/Air       2%         N/A       100%        2
 Poisonous Vapours        Pois/Air       2%         N/A       100%        2


Dungeon Overview and Level Annotations

Branches:
Dungeon (3/15)

Altars:


Innate Abilities, Weirdness & Mutations

You have very sharp teeth.
Your uncanny sense of smell can sniff out nearby items.
Your experience applies equally to all skills.


Message History

The black bear bites you.
The black bear claws you but does no damage. x2
You hit the black bear. Your bite misses the black bear.
The black bear is moderately wounded.
You hit the black bear.
The black bear is heavily wounded.
The black bear bites you.
The black bear claws you but does no damage. x2
You hit the black bear.
The black bear is severely wounded.
The black bear completely misses you.
The black bear claws you but does no damage.
The black bear claws you.
You hit the black bear but do no damage.
The black bear is severely wounded.
The black bear bites you!
The black bear claws you but does no damage. x2
You hit the black bear.
The black bear is almost dead.
The black bear goes berserk!
You hit the black bear.
The black bear is almost dead.
The black bear bites you.
The black bear claws you but does no damage.
The black bear barely misses you. x2
The black bear claws you but does no damage.
The black bear claws you.
* * * LOW HITPOINT WARNING * * *
You closely miss the black bear.
The black bear is almost dead.
The black bear bites you.
* * * LOW HITPOINT WARNING * * *
The black bear claws you but does no damage.
The black bear claws you.
* * * LOW HITPOINT WARNING * * *
It was a potion of degeneration.
There was something very wrong with that liquid.
You feel weakened.
You feel dopey.
You feel clumsy. The black bear bites you!
You die...

###
#@#
#h#
#.#
#.#
#.#
#..
#..
#..
#...


You could see a black bear (berserk).

Vanquished Creatures
  An adder (D:2)
  2 worms (D:2)
  2 dart slugs (D:3)
  3 ball pythons (D:2)
  A bat (D:2)
  An endoplasm (D:3)
  2 giant cockroaches
  7 goblins
  7 hobgoblins
  7 jackals (D:2)
  3 kobolds
  3 frilled lizards (D:1)
  3 rats (D:2)
42 creatures vanquished.

Notes
Turn   | Place    | Note
-------+----------+-------------------------------------------
     0 | D:1      | croobank the Gnoll Monk began the quest for the Orb.
     0 | D:1      | Reached XP level 1. HP: 23/23 MP: 1/1
   227 | D:1      | Reached XP level 2. HP: 25/29 MP: 2/2
   608 | D:1      | Found a faded altar of an unknown god.
   749 | D:2      | Reached XP level 3. HP: 13/35 MP: 3/3
  1194 | D:2      | Reached skill level 1 in Invocations
  1430 | D:2      | Reached skill level 1 in Short Blades
  1430 | D:2      | Reached skill level 1 in Long Blades
  1430 | D:2      | Reached skill level 1 in Maces & Flails
  1430 | D:2      | Reached skill level 1 in Polearms
  1430 | D:2      | Reached skill level 1 in Staves
  1430 | D:2      | Reached skill level 1 in Slings
  1430 | D:2      | Reached skill level 1 in Bows
  1430 | D:2      | Reached skill level 1 in Crossbows
  1430 | D:2      | Reached skill level 1 in Throwing
  1430 | D:2      | Reached skill level 1 in Armour
  1430 | D:2      | Reached skill level 1 in Shields
  1430 | D:2      | Reached skill level 1 in Unarmed Combat
  1430 | D:2      | Reached skill level 1 in Spellcasting
  1430 | D:2      | Reached skill level 1 in Evocations
  1492 | D:2      | You fall into a shaft and drop 1 floor!
  1586 | D:3      | Reached XP level 4. HP: 41/41 MP: 5/5
  1851 | D:3      | Noticed a black bear
  1879 | D:3      | Slain by a black bear

Illustrated notes

Levels and vault maps discovered:
D:1:      dpeg_arrival_houses_and_road, layout_basic,
          hellmonk_ecumenical_altar_lost_god
D:2:      layout_loops_ring
D:3:      layout_basic

Skill      XL: |  1  2  3 |
---------------+----------+-----
Invocations    | 1 |  1.1
Short Blades   | 1 |  1.0
Long Blades    | 1 |  1.0
Maces & Flails | 1 |  1.0
Polearms       | 1 |  1.0
Staves         | 1 |  1.0
Slings         | 1 |  1.0
Bows           | 1 |  1.0
Crossbows      | 1 |  1.0
Throwing       | 1 |  1.0
Armour         | 1 |  1.0
Shields        | 1 |  1.0
Unarmed Combat | 1 |  1.0
Spellcasting   | 1 |  1.0
Evocations     | 1 |  1.0
Fighting       | |  6.6
Axes           | |  6.6
Dodging        | |  6.6
Stealth        | |  4.2
Conjurations   | |  0.8
Hexes          | |  0.8
Summonings     | |  0.8
Necromancy     | |  0.8
Translocations | |  0.8
Transmutations | |  0.8
Fire Magic     | |  0.8
Ice Magic      | |  0.8
Air Magic      | |  0.8
Earth Magic    | |  0.8
Poison Magic   | |  0.8

Action                   |  1- 3 |  4- 6 || total
-------------------------+-------+-------++-------
Melee: Hand axe          |   118 |    29 ||   147
       Bite              |    10 |     3 ||    13
       Punch             |     3 |       ||     3
 Fire: Hunting sling     |     1 |       ||     1
  Use: Potion            |       |     1 ||     1
 Stab: Sleeping          |     7 |     1 ||     8
Armor: Robe              |     2 |       ||     2
       Leather armour    |    14 |     3 ||    17
       Plate armour      |       |    24 ||    24
Dodge: Dodged            |    67 |    11 ||    78

Table legend: (Time is in decaauts)
 A = Elapsed time spent in this place.
 B = Non-inter-level travel time spent in this place.
 C = Inter-level travel time spent in this place.
 D = Time resting spent in this place.
 E = Time spent auto-exploring this place.
 F = Levels seen in this place.
 G = Mean time per level.
                   A        B        C        D        E       F      G
               +--------+--------+--------+--------+--------+-----+--------+
         Total |   1876 |   1822 |     54 |    202 |   1043 |   3 |  625.3 |
       Dungeon |   1876 |   1822 |     54 |    202 |   1043 |   3 |  625.3 |
               +--------+--------+--------+--------+--------+-----+--------+

Top non-repeatable levels by time:
     D:2: 1001 daAuts
     D:1: 674 daAuts
     D:3: 200 daAuts
